TOP OF THE 1ST |
---|
Michigan Wolverines batting - Pitching for Purdue Boilermakers : RHP Kelsey Payne | Pitching: RHP Kelsey Payne | | Batting: RHB Bob Casey | 0-0: Ball 1-0: Fly out, F4 (Line Drive, 4M) | Batting: LHB Myron Reynolds | 0-0: Ball 1-0: Swinging Strike 1-1: Ball 2-1: Swinging Strike 2-2: Strikes out swinging | Batting: LHB Mark Wilson | 0-0: Ball 1-0: Ball 2-0: Ground out 5-3 (Groundball, 56S) | Top of the 1st over - 0 runs, 0 hits, 0 errors, 0 left on base; Michigan 0 - Purdue 0 | BOTTOM OF THE 1ST |
---|
Purdue Boilermakers batting - Pitching for Michigan Wolverines : RHP Jean-François Wong | Pitching: RHP Jean-François Wong | | Batting: LHB Harry Hamilton | 0-0: Ball 1-0: Foul Ball, location: 2F 1-1: Foul Ball, location: 2F 1-2: Hit by Pitch | Batting: RHB Brian McCoy | 0-0: Ball 1-0: Ball Harry Hamilton steals 2nd base 2-0: Called Strike 2-1: Foul Ball, location: 2F 2-2: SINGLE (Flyball, 7LM) Harry Hamilton to third | Batting: RHB Rafael Castro | 0-0: Swinging Strike 0-1: Ball 1-1: Ball 2-1: Ball 3-1: DOUBLE (Line Drive, 5D) Harry Hamilton scores Brian McCoy to third | Batting: RHB Mark Jordan | 0-0: Ball 1-0: Ball 2-0: Ball 3-0: Base on Balls | Batting: RHB Aaron Baker | 0-0: Fly out, F8 (Flyball, 8RD) Runner from 3rd tags up, SCORES, throw made | Batting: RHB Lee Justice | 0-0: Called Strike 0-1: Ball 1-1: Fly out, F9 (Flyball, 9D) Runner from 2nd tags up, SAFE at 3rd, no throw | Batting: RHB Ryan Carpenter | 0-0: Foul Ball, location: 2F 0-1: Ball 1-1: Ball 2-1: Called Strike 2-2: Fly out, F3 (Popup, 4S) | Bottom of the 1st over - 2 runs, 2 hits, 0 errors, 2 left on base; Michigan 0 - Purdue 2 | TOP OF THE 2ND |
---|
Michigan Wolverines batting - Pitching for Purdue Boilermakers : RHP Kelsey Payne | Batting: LHB Ken Miller | 0-0: Ball 1-0: Called Strike 1-1: Foul Ball, location: 2F 1-2: Strikes out swinging | Batting: RHB Bob Caldwell | 0-0: Called Strike 0-1: SINGLE (Flyball, 78S) | Batting: RHB Mark Roy | 0-0: Ball 1-0: Swinging Strike 1-1: Foul Ball, location: 2F 1-2: Foul Ball, location: 2F 1-2: Ball 2-2: Strikes out swinging | Batting: RHB Mike Clyne | 0-0: Foul Ball, location: 2F 0-1: Foul Ball, location: 2F 0-2: Strikes out swinging | Top of the 2nd over - 0 runs, 1 hit, 0 errors, 1 left on base; Michigan 0 - Purdue 2 | BOTTOM OF THE 2ND |
---|
Purdue Boilermakers batting - Pitching for Michigan Wolverines : RHP Jean-François Wong | Batting: RHB Enrique Benítez | 0-0: Ball 1-0: Ball 2-0: Ground out 1-3 (Groundball, P) | Batting: RHB Dan Osborne | 0-0: Ball 1-0: Called Strike 1-1: Foul Ball, location: 2F 1-2: Ball 2-2: Strikes out looking | Batting: LHB Harry Hamilton | 0-0: Ball 1-0: Called Strike 1-1: Foul Ball, location: 2F 1-2: Foul Ball, location: 2F 1-2: Foul Ball, location: 2F 1-2: Strikes out swinging | Bottom of the 2nd over - 0 runs, 0 hits, 0 errors, 0 left on base; Michigan 0 - Purdue 2 | TOP OF THE 3RD |
---|
Michigan Wolverines batting - Pitching for Purdue Boilermakers : RHP Kelsey Payne | Batting: RHB David Morgan | 0-0: Ball 1-0: Fly out, F3 (Popup, 23F) | Batting: SHB Carl Murphy | 0-0: Called Strike 0-1: Fly out, F7 (Flyball, 7) | Batting: RHB Bob Casey | 0-0: Called Strike 0-1: Ball 1-1: Called Strike 1-2: Strikes out swinging | Top of the 3rd over - 0 runs, 0 hits, 0 errors, 0 left on base; Michigan 0 - Purdue 2 | BOTTOM OF THE 3RD |
---|
Purdue Boilermakers batting - Pitching for Michigan Wolverines : RHP Jean-François Wong | Batting: RHB Brian McCoy | 0-0: Called Strike 0-1: Called Strike 0-2: Strikes out swinging | Batting: RHB Rafael Castro | 0-0: Ground out 1-3 (Groundball, 13) | Batting: RHB Mark Jordan | 0-0: Ball 1-0: Foul Ball, location: 2F 1-1: SINGLE (Groundball, 34D) | Batting: RHB Aaron Baker | 0-0: Ball 1-0: Ball 2-0: Ball 3-0: Foul Ball, location: 2F 3-1: Called Strike 3-2: Base on Balls Mark Jordan to second | Batting: RHB Lee Justice | 0-0: Ball 1-0: Ball 2-0: Ball 3-0: Base on Balls Mark Jordan to third Aaron Baker to second | Batting: RHB Ryan Carpenter | 0-0: Fielders Choice at 2nd, 6-4 (Groundball, 6D) | Bottom of the 3rd over - 0 runs, 1 hit, 0 errors, 3 left on base; Michigan 0 - Purdue 2 | TOP OF THE 4TH |
---|
Michigan Wolverines batting - Pitching for Purdue Boilermakers : RHP Kelsey Payne | Batting: LHB Myron Reynolds | 0-0: Ball 1-0: Ball 2-0: Reached on error, E6 (Groundball, 6) | Batting: LHB Mark Wilson | 0-0: Ball 1-0: Fly out, F8 (Flyball, 8LM) | Batting: LHB Ken Miller | 0-0: Ball 1-0: Foul Ball, location: 2F 1-1: Foul Ball, location: 2F 1-2: Strikes out looking | Batting: RHB Bob Caldwell | 0-0: Called Strike 0-1: Ball 1-1: Ball 2-1: Ball 3-1: Base on Balls Myron Reynolds to second | Batting: RHB Mark Roy | 0-0: Ground out 5-3 (Groundball, 5S) | Top of the 4th over - 0 runs, 0 hits, 1 error, 2 left on base; Michigan 0 - Purdue 2 | BOTTOM OF THE 4TH |
---|
Purdue Boilermakers batting - Pitching for Michigan Wolverines : RHP Jean-François Wong | Batting: RHB Enrique Benítez | 0-0: Ball 1-0: SOLO HOME RUN (Flyball, 7LD), Distance : 369 ft | Batting: RHB Dan Osborne | 0-0: Fly out, F8 (Flyball, 8RM) | Batting: LHB Harry Hamilton | 0-0: Called Strike 0-1: SINGLE (Line Drive, 9S) | Batting: RHB Brian McCoy | 0-0: Ball Harry Hamilton steals 2nd base 1-0: Called Strike 1-1: Ball 2-1: Ball 3-1: Base on Balls | Batting: RHB Rafael Castro | 0-0: Ball 1-0: Fly out, F6 (Line Drive, 6M) | Batting: RHB Mark Jordan | 0-0: Ball 1-0: Ball 2-0: Foul Ball, location: 2F 2-1: Foul Ball, location: 2F 2-2: Fly out, F6 (Line Drive, 6M) | Bottom of the 4th over - 1 run, 2 hits, 0 errors, 2 left on base; Michigan 0 - Purdue 3 | TOP OF THE 5TH |
---|
Michigan Wolverines batting - Pitching for Purdue Boilermakers : RHP Kelsey Payne | Batting: RHB Mike Clyne | 0-0: Foul Ball, location: 2F 0-1: Foul Ball, location: 2F 0-2: Ball 1-2: Foul Ball, location: 2F 1-2: Ground out U3 (Groundball, 34) | Batting: RHB David Morgan | 0-0: Called Strike 0-1: Ball 1-1: Foul Ball, location: 2F 1-2: Foul Ball, location: 2F 1-2: Ball 2-2: Ground out 3-1 (Groundball, 34) | Batting: SHB Carl Murphy | 0-0: Ball 1-0: Ball 2-0: Ball 3-0: Called Strike 3-1: Base on Balls | Batting: RHB Bob Casey | 0-0: SINGLE (Groundball, 34D) Carl Murphy to second Runner from 2nd tries for 3rd, SAFE, no throw | Batting: LHB Myron Reynolds | 0-0: Ball 1-0: Called Strike 1-1: Ball 2-1: Foul Ball, location: 2F 2-2: Ground out 4-3 (Groundball, 4) | Top of the 5th over - 0 runs, 1 hit, 0 errors, 2 left on base; Michigan 0 - Purdue 3 | BOTTOM OF THE 5TH |
---|
Purdue Boilermakers batting - Pitching for Michigan Wolverines : RHP Jean-François Wong | Batting: RHB Aaron Baker | 0-0: Foul Ball, location: 2F 0-1: SINGLE (Flyball, 34D) - OUT at second base trying to stretch hit. | Pitching: RHP Edwin Rogers | | Batting: RHB Lee Justice | 0-0: Reached on error, E7 (Flyball, 7S) | Batting: RHB Ryan Carpenter | 0-0: Ball 1-0: Foul Ball, location: 2F 1-1: Swinging Strike 1-2: Ball 2-2: Ball 3-2: Base on Balls Lee Justice to second | Batting: RHB Enrique Benítez | 0-0: Called Strike 0-1: Foul Ball, location: 2F 0-2: Ball 1-2: Ball 2-2: Ball 3-2: Foul Ball, location: 2F 3-2: Strikes out swinging | Batting: RHB Dan Osborne | 0-0: Ball 1-0: Fly out, F9 (Flyball, 9LM) | Bottom of the 5th over - 0 runs, 1 hit, 1 error, 2 left on base; Michigan 0 - Purdue 3 | TOP OF THE 6TH |
---|
Michigan Wolverines batting - Pitching for Purdue Boilermakers : RHP Kelsey Payne | Batting: LHB Mark Wilson | 0-0: Ball 1-0: Ball 2-0: Called Strike 2-1: Foul Ball, location: 2F 2-2: Strikes out swinging | Batting: LHB Ken Miller | 0-0: Called Strike 0-1: Ball 1-1: Swinging Strike 1-2: Strikes out looking | Batting: RHB Bob Caldwell | 0-0: Swinging Strike 0-1: Reached on error, E6 (Groundball, 6) | Pitching: RHP Bob Dickerson | | Batting: RHB Mark Roy | 0-0: Foul Ball, location: 2F 0-1: Foul Ball, location: 2F 0-2: SINGLE (Line Drive, 8RS) Bob Caldwell to second Runner from 2nd tries for 3rd, SAFE, throw made to third | Batting: RHB Mike Clyne | 0-0: Ball 1-0: Called Strike 1-1: Ball 2-1: Foul Ball, location: 2F 2-2: Ball 3-2: Foul Ball, location: 2F 3-2: SINGLE (Line Drive, 78S) Bob Caldwell scores Mark Roy to second Mark Roy to third | Batting: RHB David Morgan | 0-0: Called Strike 0-1: Ball 1-1: Called Strike 1-2: Strikes out swinging | Top of the 6th over - 1 run, 2 hits, 1 error, 2 left on base; Michigan 1 - Purdue 3 | BOTTOM OF THE 6TH |
---|
Purdue Boilermakers batting - Pitching for Michigan Wolverines : RHP Edwin Rogers | Batting: LHB Harry Hamilton | 0-0: Ball 1-0: Fly out, F6 (Line Drive, 6) | Batting: RHB Brian McCoy | 0-0: Ball 1-0: Ball 2-0: Foul Ball, location: 2F 2-1: SINGLE (Line Drive, 6MD) | Batting: RHB Rafael Castro | 0-0: Ball 1-0: SINGLE (Line Drive, 6M) Brian McCoy to second | Batting: RHB Mark Jordan | 0-0: Fielders Choice at 2nd, 5-4 (Groundball, 5) Brian McCoy to third | Batting: RHB Aaron Baker | 0-0: Ball 1-0: Ball 2-0: Ball 3-0: Base on Balls Mark Jordan to second | Batting: RHB Lee Justice | 0-0: Ball 1-0: Ball Wild Pitch! Brian McCoy scores Mark Jordan to third Aaron Baker to second 2-0: Ball 3-0: Base on Balls | Batting: RHB Ryan Carpenter | 0-0: Ball 1-0: Ball 2-0: Called Strike 2-1: Called Strike 2-2: Foul Ball, location: 2F 2-2: Strikes out looking | Bottom of the 6th over - 1 run, 2 hits, 0 errors, 3 left on base; Michigan 1 - Purdue 4 | TOP OF THE 7TH |
---|
Michigan Wolverines batting - Pitching for Purdue Boilermakers : RHP Bob Dickerson | Batting: SHB Carl Murphy | 0-0: Called Strike 0-1: Foul Ball, location: 2F 0-2: Ball 1-2: Ball 2-2: Ball 3-2: Strikes out swinging | Batting: RHB Bob Casey | 0-0: Ground out 6-3 (Groundball, 6) | Batting: LHB Myron Reynolds | 0-0: Foul Ball, location: 2F 0-1: Ball 1-1: Ball 2-1: Fly out, F4 (Popup, 4) | Top of the 7th over - 0 runs, 0 hits, 0 errors, 0 left on base; Michigan 1 - Purdue 4 | BOTTOM OF THE 7TH |
---|
Purdue Boilermakers batting - Pitching for Michigan Wolverines : RHP Edwin Rogers | Batting: RHB Enrique Benítez | 0-0: Swinging Strike 0-1: Ball 1-1: Fly out, F8 (Flyball, 78M) | Batting: RHB Dan Osborne | 0-0: Foul Ball, location: 2F 0-1: Foul Ball, location: 2F 0-2: Foul Ball, location: 2F 0-2: Strikes out swinging | Batting: LHB Harry Hamilton | 0-0: Ball 1-0: Ball 2-0: DOUBLE (Line Drive, 9LS) | Batting: RHB Brian McCoy | 0-0: Ball 1-0: Foul Ball, location: 2F 1-1: Ball 2-1: Foul Ball, location: 2F 2-2: Ball 3-2: Strikes out swinging | Bottom of the 7th over - 0 runs, 1 hit, 0 errors, 1 left on base; Michigan 1 - Purdue 4 | TOP OF THE 8TH |
---|
Michigan Wolverines batting - Pitching for Purdue Boilermakers : RHP Bob Dickerson | Batting: LHB Mark Wilson | 0-0: Foul Ball, location: 2F 0-1: Ball 1-1: Foul Ball, location: 2F 1-2: Foul Ball, location: 2F 1-2: Ground out 3-1 (Groundball, 34S) | Batting: LHB Ken Miller | 0-0: Ground out U3 (Groundball, 34S) | Batting: RHB Bob Caldwell | 0-0: Called Strike 0-1: Fly out, F6 (Line Drive, 6) | Top of the 8th over - 0 runs, 0 hits, 0 errors, 0 left on base; Michigan 1 - Purdue 4 | BOTTOM OF THE 8TH |
---|
Purdue Boilermakers batting - Pitching for Michigan Wolverines : RHP Edwin Rogers | Batting: RHB Rafael Castro | 0-0: Ball 1-0: Ground out 5-3 (Groundball, 56S) | Batting: RHB Mark Jordan | 0-0: Swinging Strike 0-1: Ball 1-1: Called Strike 1-2: Ground out 4-3 (Groundball, 4) | Batting: RHB Aaron Baker | 0-0: Ball 1-0: Called Strike 1-1: Ball 2-1: Fly out, F8 (Flyball, 8RM) | Bottom of the 8th over - 0 runs, 0 hits, 0 errors, 0 left on base; Michigan 1 - Purdue 4 | TOP OF THE 9TH |
---|
Michigan Wolverines batting - Pitching for Purdue Boilermakers : RHP Bob Dickerson | Batting: RHB Mark Roy | 0-0: Fly out, F5 (Popup, 25) | Batting: RHB Mike Clyne | 0-0: SINGLE (Flyball, 89M) | Batting: RHB David Morgan | 0-0: Ball 1-0: SINGLE (Groundball, 6MD) Mike Clyne to second | Batting: SHB Carl Murphy | 0-0: Ball 1-0: SINGLE (Groundball, 34D) Mike Clyne to third David Morgan to second | Batting: RHB Bob Casey | 0-0: Foul Ball, location: 2F 0-1: Ball 1-1: Swinging Strike 1-2: Ball 2-2: Ball 3-2: Foul Ball, location: 2F 3-2: Strikes out swinging | Pitching: LHP Neil White | | Batting: LHB Myron Reynolds | 0-0: Called Strike 0-1: Ball 1-1: Foul Ball, location: 2F 1-2: Ball 2-2: Ball 3-2: Foul Ball, location: 2F 3-2: Base on Balls Mike Clyne scores David Morgan to third Carl Murphy to second | Batting: LHB Mark Wilson | 0-0: Ball 1-0: Ball 2-0: Called Strike 2-1: Foul Ball, location: 2F 2-2: Foul Ball, location: 2F 2-2: Hit by Pitch David Morgan scores Carl Murphy to third Myron Reynolds to second | Batting: LHB Ken Miller | 0-0: Ball 1-0: Fly out, F2 (Popup, 2LF) | Top of the 9th over - 2 runs, 3 hits, 0 errors, 3 left on base; Michigan 3 - Purdue 4 | |